Blues vs Oilers
Created - January 22, 2021 at 19:02
Goals
|
Blues |
2 |
1 |
3 |
0 |
1 |
6 |
Oilers |
2 |
2 |
2 |
0 |
2 |
7 |
|
Shots
|
Blues |
14 |
12 |
9 |
0 |
4 |
35 |
Oilers |
10 |
11 |
9 |
0 |
4 |
30 |
|
1st period
1. Oilers , Connor McDavid 13 (Pavel Buchnevich 12, Shea Weber 13) at 2:20
2. Oilers , Leon Draisaitl 12 (Phil Kessel 22, Teuvo Teravainen 21) at 12:16
3. Blues , David Perron 10 (Yann Sauvé 6, Fabian Brunnstrom 14) at 13:39
4. Blues , David Perron 11 (Nicklas Backstrom 35, Shayne Gostisbehere 8) at 17:37
Penalties :
No Penalty
2nd period
5. Blues , Nicklas Backstrom 23 (Shayne Gostisbehere 9, Cody Ceci 11) at 8:26
6. Oilers , Chris Kreider 19 (Teuvo Teravainen 22, Connor McDavid 16) at 8:52 (PP)
7. Oilers , Teuvo Teravainen 13 (Taylor Hall 22, Riley Sheahan 21) at 12:36
Penalties :
Teuvo Teravainen (EDM) for Tripping (Minor) at 4:11, David Perron (STL) for Hooking (Minor) at 8:33, Nicklas Backstrom (STL) for Roughing (Minor) at 19:50
3rd period
8. Oilers , Connor McDavid 14 (Denis Grebeshkov 8) at 7:02
9. Oilers , Connor McDavid 15 (Chris Kreider 13) at 9:41 (PP)
10. Blues , David Perron 12 (Ryan O'Reilly 22, Jake Gardiner 14) at 11:16 (SH)
11. Blues , Jordan Eberle 19 (Nicklas Backstrom 36) at 13:11
12. Blues , Nicklas Backstrom 24 (David Perron 18) at 19:17
Penalties :
Pascal Leclaire (STL) for Slashing (Minor) at 9:33 - Jake Gardiner served the penalty, Sergei Shirokov (STL) for Interference (Minor) at 10:26, Yann Sauvé (STL) for Slashing (Minor) at 14:19
Overtime #1
No Goal
Penalties :
No Penalty
Shootout
Blues, David Perron - Shot Misses the Net
Oilers, Phil Kessel - Goal!
Blues, Jordan Eberle - Stopped by Jonas Gustavsson
Oilers, Taylor Hall - Stopped by Pascal Leclaire
Blues, Filip Forsberg - Goal!
Oilers, Chris Kreider - Stopped by Pascal Leclaire
Blues, Vincent Lecavalier - Shot Misses the Net
Oilers, Riley Sheahan - Goal!
Penalties :
No Penalty
Goalie Stats
Carey Price (STL), 18 saves from 23 shots - (0.783), 47:02 minutes
Pascal Leclaire (STL), 6 saves from 7 shots - (0.857), OTL, 2-3-2, 17:31 minutes
Jonas Gustavsson (EDM), 29 saves from 35 shots - (0.829), W, 8-6-0, 65:00 minutes
Players Stats for Blues
Player Name G A P +/- PIM S H SB GA TA FO MP PP MP PK MP
------------------------------------------------------------------------------------
Alex Pietrangelo 0 0 0 1 0 1 2 2 1 1 0/0 27:43 1:11 0:15
Anthony Mantha 0 0 0 -1 0 2 1 0 1 1 0/0 10:24 0:00 0:00
Cody Ceci 0 1 1 0 0 0 2 1 0 0 0/0 19:30 0:00 4:32
David Perron 3 1 4 6 2 7 1 0 0 0 1/2 20:07 0:55 1:18
Drew Shore 0 0 0 -1 0 2 1 0 0 0 8/13 14:21 0:00 3:56
Fabian Brunnstrom 0 1 1 -1 0 1 2 0 0 0 0/0 11:36 0:00 1:01
Filip Forsberg 0 0 0 -2 0 2 0 1 0 0 1/2 17:27 1:04 1:02
Gustav Nyquist 0 0 0 -1 0 0 1 0 0 0 0/0 8:51 0:00 0:00
Jake Gardiner 0 1 1 2 0 1 2 1 1 0 0/0 23:48 1:11 1:40
Jimmy Vesey 0 0 0 -1 0 2 1 0 1 0 0/0 8:51 0:00 0:00
Jordan Eberle 1 0 1 5 0 4 4 0 1 0 0/1 23:34 1:04 4:02
Nicklas Backstrom 2 2 4 5 2 5 1 0 1 1 15/25 19:57 1:04 0:00
Ryan Murray 0 0 0 1 0 0 1 1 0 0 0/0 23:31 0:48 1:59
Ryan O'Reilly 0 1 1 -1 0 6 2 0 0 0 6/8 19:33 0:55 1:29
Sergei Shirokov 0 0 0 -2 2 1 3 0 0 0 0/2 18:09 0:55 0:00
Shayne Gostisbehere 0 2 2 0 0 0 0 1 0 0 0/0 13:39 0:48 1:05
Vincent Lecavalier 0 0 0 -1 0 1 1 0 0 0 4/4 10:40 0:00 0:00
Yann Sauvé 0 1 1 0 2 0 2 0 0 0 0/0 21:51 0:00 3:17
Players Stats for Oilers
Player Name G A P +/- PIM S H SB GA TA FO MP PP MP PK MP
------------------------------------------------------------------------------------
Chris Kreider 1 1 2 -1 0 1 1 0 0 0 0/0 18:40 3:44 0:28
Connor McDavid 3 1 4 1 0 5 1 0 0 0 5/13 16:38 3:44 0:02
Darnell Nurse 0 0 0 -2 0 1 0 1 0 0 0/0 16:29 0:00 0:53
Denis Grebeshkov 0 1 1 0 0 1 3 1 0 0 0/0 24:00 0:00 0:53
James Neal 0 0 0 2 0 2 2 1 1 0 0/0 13:28 0:00 0:26
Jordan Caron 0 0 0 0 0 0 1 0 0 0 0/0 9:24 0:00 0:00
Kellan Lain 0 0 0 0 0 0 2 1 0 1 0/0 12:12 0:00 1:00
Kevin Porter 0 0 0 0 0 1 0 0 0 0 0/2 9:24 0:00 0:31
Leon Draisaitl 1 0 1 0 0 1 2 0 0 0 3/11 16:39 2:40 0:00
Oscar Klefbom 0 0 0 0 0 0 2 0 0 3 0/0 15:53 4:10 0:00
Pavel Buchnevich 0 1 1 2 0 0 1 0 0 0 0/0 13:04 2:40 0:00
Phil Kessel 0 1 1 -1 0 3 0 0 0 0 0/0 16:57 0:00 0:00
Riley Sheahan 0 1 1 -3 0 7 2 1 0 0 14/29 20:13 0:00 1:00
Seth Jones 0 0 0 1 0 3 1 2 0 1 0/0 25:19 2:14 1:06
Shea Weber 0 1 1 -3 0 0 0 6 2 0 0/0 25:24 2:14 1:06
Taylor Hall 0 1 1 -3 0 2 2 2 0 0 0/0 21:38 2:40 0:31
Teuvo Teravainen 1 2 3 -3 2 3 2 0 0 1 0/2 20:51 3:44 0:00
Tobias Enstrom 0 0 0 0 0 0 1 1 0 0 0/0 21:47 4:10 0:00
3 Stars
1 - David Perron (STL)
2 - Connor McDavid (EDM)
3 - Nicklas Backstrom (STL)
Power Play
Blues - 0 on 1 Attempt(s) - 0.00%
Oilers - 2 on 5 Attempt(s) - 40.00%
Penalty Kill
Blues - 3 on 5 Attempt(s) - 60.00%
- Score 1 goal in Penalty Kill
Oilers - 1 on 1 Attempt(s) - 100.00%
- Score 0 goal in Penalty Kill
Team Stat
Blues - Hits : 27 - Faceoff Wins : 35 - Blocked Shots : 7 - Penalty Minutes : 10
Oilers - Hits : 23 - Faceoff Wins : 22 - Blocked Shots : 16 - Penalty Minutes : 2
Official
Referees : Unknown
Linesman : Unknown
Game Notes
Pascal Leclaire enters game at 7:02 of 3rd period
Connor McDavid has scored a Hat Trick!
David Perron has scored a Hat Trick!
Finance
Level 1 -- Attendance: 5286 (88.10%) -- Ticket Income $581,460
Level 2 -- Attendance: 3973 (79.46%) -- Ticket Income $278,110
Level 3 -- Attendance: 1467 (73.35%) -- Ticket Income $67,482
Level 4 -- Attendance: 3360 (84.00%) -- Ticket Income $100,800
Luxury Box -- Attendance: 957 (95.70%) -- Ticket Income $172,260
Game was played at the Rogers Arena.
Total Attendance: 15043 (83.57%)
Total Ticket Income: $1,200,112
Other Income: $180,017
Total Income: $1,380,129
Blues
5 vs 5 Forward
Center Left Wing Right Wing Time % Phy DF OF
1 Nicklas Backstrom David Perron Jordan Eberle 40 1 2 2
2 Ryan O'Reilly Filip Forsberg Sergei Shirokov 30 1 2 2
3 Drew Shore Fabian Brunnstrom Anthony Mantha 20 1 2 2
4 Vincent Lecavalier Jimmy Vesey Gustav Nyquist 10 1 2 2
5 vs 5 Defense
Defense Defense Time % Phy DF OF
1 Alex Pietrangelo Ryan Murray 40 1 2 2
2 Yann Sauvé Jake Gardiner 30 1 2 2
3 Cody Ceci Shayne Gostisbehere 20 1 2 2
4 Alex Pietrangelo Jake Gardiner 10 1 2 2
PowerPlay Forward
Center Left Wing Right Wing Time % Phy DF OF
1 Nicklas Backstrom Filip Forsberg Jordan Eberle 60 1 1 3
2 Ryan O'Reilly David Perron Sergei Shirokov 40 1 1 3
PowerPlay Defense
Defense Defense Time % Phy DF OF
1 Alex Pietrangelo Jake Gardiner 60 1 2 2
2 Shayne Gostisbehere Ryan Murray 40 1 2 2
Penalty Kill 4 Players Forward
Center Wing Time % Phy DF OF
1 Drew Shore Jordan Eberle 60 1 3 1
2 Ryan O'Reilly David Perron 40 1 3 1
Penalty Kill 4 Players Defense
Defense Defense Time % Phy DF OF
1 Yann Sauvé Cody Ceci 60 2 3 0
2 Ryan Murray Jake Gardiner 40 2 3 0
Penalty Kill - 3 Players Forward
Forward Time % Phy DF OF
1 Nicklas Backstrom 60 1 2 2
2 Jordan Eberle 40 1 2 2
Penalty Kill - 3 Players Defense
Defense Defense Time % Phy DF OF
1 Alex Pietrangelo Cody Ceci 60 1 2 2
2 Ryan Murray Yann Sauvé 40 1 2 2
4 vs 4 Forward
Center Wing Time % Phy DF OF
1 Nicklas Backstrom Jordan Eberle 60 1 2 2
2 Ryan O'Reilly David Perron 40 1 2 2
4 vs 4 Defense
Defense Defense Time % Phy DF OF
1 Alex Pietrangelo Cody Ceci 60 1 2 2
2 Jake Gardiner Yann Sauvé 40 1 2 2
Last Minutes Offensive
Center Left Wing Right Wing Defense Defense
Nicklas Backstrom David Perron Jordan Eberle Alex Pietrangelo Jake Gardiner
Last Minutes Defensive
Center Left Wing Right Wing Defense Defense
Drew Shore David Perron Jordan Eberle Yann Sauvé Cody Ceci
Goaltenders
Starting : Carey Price
Backup : Pascal Leclaire
Extra Forwards
Normal : Sergei Shirokov, Vincent Lecavalier, Ryan O'Reilly - PP : Gustav Nyquist, Nicklas Backstrom - PK : Filip Forsberg
Extra Defensemen
Normal : Shayne Gostisbehere, Cody Ceci, Jake Gardiner - PP : Shayne Gostisbehere - PK : Shayne Gostisbehere, Jake Gardiner
Penalty Shots
David Perron, Jordan Eberle, Filip Forsberg, Vincent Lecavalier, Nicklas Backstrom
Scratches
Simon Gagné (Healthy)
Oilers
5 vs 5 Forward
Center Left Wing Right Wing Time % Phy DF OF
1 Riley Sheahan Taylor Hall Teuvo Teravainen 40 1 2 2
2 Leon Draisaitl Chris Kreider Phil Kessel 30 1 2 2
3 Connor McDavid James Neal Pavel Buchnevich 20 1 2 2
4 Kevin Porter Kellan Lain Jordan Caron 10 1 2 2
5 vs 5 Defense
Defense Defense Time % Phy DF OF
1 Seth Jones Denis Grebeshkov 40 1 2 2
2 Darnell Nurse Shea Weber 30 1 2 2
3 Tobias Enstrom Oscar Klefbom 20 1 2 2
4 Shea Weber Tobias Enstrom 10 1 2 2
PowerPlay Forward
Center Left Wing Right Wing Time % Phy DF OF
1 Connor McDavid Chris Kreider Teuvo Teravainen 60 0 2 3
2 Leon Draisaitl Taylor Hall Pavel Buchnevich 40 0 2 3
PowerPlay Defense
Defense Defense Time % Phy DF OF
1 Oscar Klefbom Tobias Enstrom 60 0 2 3
2 Seth Jones Shea Weber 40 0 2 3
Penalty Kill 4 Players Forward
Center Wing Time % Phy DF OF
1 Riley Sheahan Kellan Lain 60 0 3 2
2 Kevin Porter Taylor Hall 40 0 3 2
Penalty Kill 4 Players Defense
Defense Defense Time % Phy DF OF
1 Seth Jones Shea Weber 60 0 3 2
2 Darnell Nurse Denis Grebeshkov 40 0 3 2
Penalty Kill - 3 Players Forward
Forward Time % Phy DF OF
1 Kevin Porter 60 0 3 2
2 Taylor Hall 40 0 3 2
Penalty Kill - 3 Players Defense
Defense Defense Time % Phy DF OF
1 Tobias Enstrom Shea Weber 60 0 3 2
2 Denis Grebeshkov Darnell Nurse 40 0 3 2
4 vs 4 Forward
Center Wing Time % Phy DF OF
1 Riley Sheahan Phil Kessel 60 1 2 2
2 Connor McDavid Taylor Hall 40 1 2 2
4 vs 4 Defense
Defense Defense Time % Phy DF OF
1 Denis Grebeshkov Shea Weber 60 1 2 2
2 Seth Jones Tobias Enstrom 40 1 2 2
Last Minutes Offensive
Center Left Wing Right Wing Defense Defense
Connor McDavid Taylor Hall Phil Kessel Seth Jones Shea Weber
Last Minutes Defensive
Center Left Wing Right Wing Defense Defense
Riley Sheahan Taylor Hall Phil Kessel Denis Grebeshkov Shea Weber
Goaltenders
Starting : Jonas Gustavsson
Backup : James Reimer
Extra Forwards
Normal : Kellan Lain, James Neal, Teuvo Teravainen - PP : Connor McDavid, James Neal - PK : James Neal
Extra Defensemen
Normal : Darnell Nurse, Oscar Klefbom, Seth Jones - PP : Darnell Nurse - PK : Oscar Klefbom, Seth Jones
Penalty Shots
Phil Kessel, Taylor Hall, Chris Kreider, Riley Sheahan, Kellan Lain
Scratches
Adam Larsson (Left Knee Injury), Anthony Stewart (Healthy), Mike Smith (Healthy)
% Time on Ice - Blues
Lines # - Real PCT - Wanted PCT - Time Play
Normal Forward
1 - 32% - 40% - 16:36
2 - 30% - 30% - 15:35
3 - 20% - 20% - 10:24
4 - 17% - 10% - 8:51
Normal Defense
1 - 40% - 40% - 20:32
2 - 33% - 30% - 16:43
3 - 22% - 20% - 11:11
4 - 6% - 10% - 3:00
PP Forward
1 - 54% - 60% - 1:04
2 - 46% - 40% - 0:55
PP Defense
1 - 60% - 60% - 1:11
2 - 40% - 40% - 0:48
PK Forward
1 - 80% - 60% - 5:06
2 - 20% - 40% - 1:18
PK Defense
1 - 74% - 60% - 4:44
2 - 26% - 40% - 1:40
PK3 Forward
1 - 0% - 60%
2 - 0% - 40%
PK3 Defense
1 - 0% - 60%
2 - 0% - 40%
44 Forward
1 - 78% - 60% - 3:53
2 - 22% - 40% - 1:07
44 Defense
1 - 63% - 60% - 3:09
2 - 37% - 40% - 1:51
Last Minute Offensive - 0:11
Last Minute Defensive - 0:00
Total
Forward - 65:00
Defense - 65:00
|
% Time on Ice - Oilers
Lines # - Real PCT - Wanted PCT - Time Play
Normal Forward
1 - 33% - 40% - 17:01
2 - 29% - 30% - 14:51
3 - 20% - 20% - 10:22
4 - 17% - 10% - 8:53
Normal Defense
1 - 41% - 40% - 21:05
2 - 29% - 30% - 14:46
3 - 22% - 20% - 11:19
4 - 8% - 10% - 3:57
PP Forward
1 - 58% - 60% - 3:44
2 - 42% - 40% - 2:40
PP Defense
1 - 65% - 60% - 4:10
2 - 35% - 40% - 2:14
PK Forward
1 - 74% - 60% - 1:28
2 - 26% - 40% - 0:31
PK Defense
1 - 55% - 60% - 1:06
2 - 45% - 40% - 0:53
PK3 Forward
1 - 0% - 60%
2 - 0% - 40%
PK3 Defense
1 - 0% - 60%
2 - 0% - 40%
44 Forward
1 - 73% - 60% - 3:38
2 - 27% - 40% - 1:22
44 Defense
1 - 56% - 60% - 2:49
2 - 44% - 40% - 2:11
Last Minute Offensive - 0:00
Last Minute Defensive - 0:30
Total
Forward - 65:00
Defense - 65:00
|
Play-by-Play
1st period
0:01 of 1st period - Riley Sheahan wins face-off versus Nicklas Backstrom in neutral zone.
1:07 of 1st period - Wrist shot by Pavel Buchnevich.
1:07 of 1st period - Shot Misses the Net.
1:51 of 1st period - Wrist shot by Ryan O'Reilly.
1:51 of 1st period - Stopped by Jonas Gustavsson with a rebound.
1:53 of 1st period - Wrist shot by Ryan O'Reilly.
1:53 of 1st period - Shot Misses the Net.
2:20 of 1st period - Wrist shot by Connor McDavid.
2:20 of 1st period - Goal by Connor McDavid - Blues : 0 - Oilers : 1.
2:21 of 1st period - Riley Sheahan wins face-off versus Jordan Eberle in neutral zone.
2:47 of 1st period - Shea Weber is hit by Ryan Murray and loses puck.
3:31 of 1st period - Slapshot by Nicklas Backstrom.
3:31 of 1st period - Stopped by Jonas Gustavsson without a rebound.
3:32 of 1st period - Nicklas Backstrom wins face-off versus Kevin Porter in Oilers zone.
3:37 of 1st period - Backhand shot by Nicklas Backstrom.
3:37 of 1st period - Stopped by Jonas Gustavsson with a rebound.
3:39 of 1st period - Slapshot by Jake Gardiner.
3:39 of 1st period - Shot Blocked by Seth Jones.
3:41 of 1st period - Wrist shot by David Perron.
3:41 of 1st period - Stopped by Jonas Gustavsson without a rebound.
3:42 of 1st period - Nicklas Backstrom wins face-off versus Riley Sheahan in Oilers zone.
3:47 of 1st period - Slapshot by Nicklas Backstrom.
3:47 of 1st period - Stopped by Jonas Gustavsson with a rebound.
3:53 of 1st period - Snap shot by Riley Sheahan.
3:53 of 1st period - Stopped by Carey Price with a rebound.
3:57 of 1st period - Wrist shot by Taylor Hall.
3:57 of 1st period - Shot Blocked by Alex Pietrangelo.
3:59 of 1st period - Snap shot by Riley Sheahan.
3:59 of 1st period - Stopped by Carey Price without a rebound.
4:00 of 1st period - Ryan O'Reilly wins face-off versus Leon Draisaitl in Blues zone.
4:13 of 1st period - Wrist shot by Filip Forsberg.
4:13 of 1st period - Shot Blocked by Tobias Enstrom.
4:15 of 1st period - Wrist shot by Ryan O'Reilly.
4:15 of 1st period - Shot Misses the Net.
5:03 of 1st period - Wrist shot by James Neal.
5:03 of 1st period - Stopped by Carey Price with a rebound.
5:15 of 1st period - Jordan Caron is hit by Gustav Nyquist and loses puck.
6:18 of 1st period - Shea Weber is hit by Vincent Lecavalier and loses puck.
6:39 of 1st period - Slapshot by Phil Kessel.
6:39 of 1st period - Shot Misses the Net.
8:27 of 1st period - Snap shot by Ryan O'Reilly.
8:27 of 1st period - Stopped by Jonas Gustavsson with a rebound.
8:39 of 1st period - Cody Ceci is hit by Denis Grebeshkov and loses puck.
8:56 of 1st period - Wrist shot by Nicklas Backstrom.
8:56 of 1st period - Deflect By David Perron.
8:56 of 1st period - Stopped by Jonas Gustavsson with a rebound.
9:10 of 1st period - Sergei Shirokov is hit by Riley Sheahan and loses puck.
9:21 of 1st period - Slapshot by Jake Gardiner.
9:21 of 1st period - Shot Blocked by Seth Jones.
9:23 of 1st period - Slapshot by Drew Shore.
9:23 of 1st period - Shot Blocked by Denis Grebeshkov.
9:42 of 1st period - Connor McDavid is hit by Alex Pietrangelo and loses puck.
10:09 of 1st period - Teuvo Teravainen is hit by Jake Gardiner and loses puck.
10:34 of 1st period - Slapshot by Seth Jones.
10:34 of 1st period - Stopped by Carey Price with a rebound.
11:14 of 1st period - Teuvo Teravainen is hit by Sergei Shirokov and loses puck.
11:24 of 1st period - Icing by Yann Sauvé.
11:25 of 1st period - Vincent Lecavalier wins face-off versus Connor McDavid in Blues zone.
11:32 of 1st period - Backhand shot by Connor McDavid.
11:32 of 1st period - Stopped by Carey Price with a rebound.
12:16 of 1st period - Snap shot by Leon Draisaitl.
12:16 of 1st period - Goal by Leon Draisaitl - Blues : 0 - Oilers : 2.
12:17 of 1st period - Riley Sheahan wins face-off versus David Perron in neutral zone.
12:44 of 1st period - Seth Jones is hit by Sergei Shirokov.
13:21 of 1st period - Snap shot by Connor McDavid.
13:21 of 1st period - Shot Misses the Net.
13:23 of 1st period - Wrist shot by Tobias Enstrom.
13:23 of 1st period - Shot Blocked by Jake Gardiner.
13:35 of 1st period - Slapshot by David Perron.
13:35 of 1st period - Shot Misses the Net.
13:37 of 1st period - Slapshot by Yann Sauvé.
13:37 of 1st period - Shot Blocked by Taylor Hall.
13:39 of 1st period - Snap shot by David Perron.
13:39 of 1st period - Goal by David Perron - Blues : 1 - Oilers : 2.
13:40 of 1st period - Riley Sheahan wins face-off versus Nicklas Backstrom in neutral zone.
14:07 of 1st period - Sergei Shirokov is hit by Seth Jones and loses puck.
14:38 of 1st period - Wrist shot by Fabian Brunnstrom.
14:38 of 1st period - Deflect By Anthony Mantha.
14:38 of 1st period - Stopped by Jonas Gustavsson with a rebound.
14:58 of 1st period - Snap shot by Jimmy Vesey.
14:58 of 1st period - Shot Blocked by Shea Weber.
15:18 of 1st period - Wrist shot by Teuvo Teravainen.
15:18 of 1st period - Shot Misses the Net.
15:20 of 1st period - Slapshot by Darnell Nurse.
15:20 of 1st period - Shot Blocked by Shayne Gostisbehere.
15:22 of 1st period - Slapshot by Teuvo Teravainen.
15:22 of 1st period - Stopped by Carey Price without a rebound.
15:23 of 1st period - Leon Draisaitl wins face-off versus Filip Forsberg in Blues zone.
15:24 of 1st period - Snap shot by Phil Kessel.
15:24 of 1st period - Stopped by Carey Price without a rebound.
15:25 of 1st period - Ryan O'Reilly wins face-off versus Leon Draisaitl in Blues zone.
16:43 of 1st period - Snap shot by Kellan Lain.
16:43 of 1st period - Shot Misses the Net.
16:54 of 1st period - Jimmy Vesey is hit by Oscar Klefbom and loses puck.
17:09 of 1st period - Backhand shot by Phil Kessel.
17:09 of 1st period - Shot Misses the Net.
17:11 of 1st period - Slapshot by Tobias Enstrom.
17:11 of 1st period - Shot Misses the Net.
17:13 of 1st period - Snap shot by Phil Kessel.
17:13 of 1st period - Shot Blocked by Filip Forsberg.
17:31 of 1st period - Taylor Hall is hit by David Perron.
17:37 of 1st period - Snap shot by David Perron.
17:37 of 1st period - Goal by David Perron - Blues : 2 - Oilers : 2.
17:38 of 1st period - Riley Sheahan wins face-off versus Nicklas Backstrom in neutral zone.
17:41 of 1st period - Snap shot by Taylor Hall.
17:41 of 1st period - Shot Misses the Net.
17:43 of 1st period - Snap shot by Riley Sheahan.
17:43 of 1st period - Stopped by Carey Price with a rebound.
18:05 of 1st period - Ryan Murray is hit by Leon Draisaitl and loses puck.
18:28 of 1st period - Snap shot by Alex Pietrangelo.
18:28 of 1st period - Deflect By Fabian Brunnstrom.
18:28 of 1st period - Shot Misses the Net.
18:28 of 1st period - Puck is out of play.
18:29 of 1st period - Drew Shore wins face-off versus Connor McDavid in Oilers zone.
18:36 of 1st period - Snap shot by Drew Shore.
18:36 of 1st period - Deflect By Connor McDavid.
18:36 of 1st period - Stopped by Jonas Gustavsson without a rebound.
18:37 of 1st period - Nicklas Backstrom wins face-off versus Riley Sheahan in Oilers zone.
18:54 of 1st period - Slapshot by Nicklas Backstrom.
18:54 of 1st period - Shot Misses the Net.
19:12 of 1st period - Slapshot by Jake Gardiner.
19:12 of 1st period - Stopped by Jonas Gustavsson without a rebound.
19:13 of 1st period - Nicklas Backstrom wins face-off versus Leon Draisaitl in Oilers zone.
19:18 of 1st period - Slapshot by Jordan Eberle.
19:18 of 1st period - Stopped by Jonas Gustavsson without a rebound.
19:19 of 1st period - Nicklas Backstrom wins face-off versus Leon Draisaitl in Oilers zone.
19:58 of 1st period - Slapshot by Ryan O'Reilly.
19:58 of 1st period - Stopped by Jonas Gustavsson with a rebound.
Goals for this period are 2 for Blues vs 2 for Oilers.
Shots for this period are 14 for Blues vs 10 for Oilers.
2nd period
0:01 of 2nd period - Nicklas Backstrom wins face-off versus Riley Sheahan in neutral zone.
0:12 of 2nd period - Wrist shot by Nicklas Backstrom.
0:12 of 2nd period - Shot Misses the Net.
1:12 of 2nd period - Snap shot by Kevin Porter.
1:12 of 2nd period - Stopped by Carey Price with a rebound.
2:12 of 2nd period - Slapshot by Jake Gardiner.
2:12 of 2nd period - Shot Misses the Net.
2:24 of 2nd period - Jake Gardiner is hit by Connor McDavid and loses puck.
2:57 of 2nd period - Darnell Nurse is hit by Jordan Eberle and loses puck.
4:00 of 2nd period - Snap shot by Vincent Lecavalier.
4:00 of 2nd period - Stopped by Jonas Gustavsson without a rebound.
4:01 of 2nd period - Nicklas Backstrom wins face-off versus Riley Sheahan in Oilers zone.
4:06 of 2nd period - Wrist shot by David Perron.
4:06 of 2nd period - Deflect By Nicklas Backstrom.
4:06 of 2nd period - Shot Misses the Net.
4:06 of 2nd period - Puck is out of play.
4:07 of 2nd period - Nicklas Backstrom wins face-off versus Riley Sheahan in Oilers zone.
4:11 of 2nd period - Minor Penalty to Teuvo Teravainen for Tripping.
4:12 of 2nd period - Nicklas Backstrom wins face-off versus Riley Sheahan in Oilers zone.
4:44 of 2nd period - Slapshot by Jake Gardiner.
4:44 of 2nd period - Shot Blocked by Shea Weber.
5:28 of 2nd period - Filip Forsberg is hit by James Neal and loses puck.
6:11 of 2nd period - Penalty to Teuvo Teravainen is over, Teuvo Teravainen is back on ice.
6:29 of 2nd period - Snap shot by Jimmy Vesey.
6:29 of 2nd period - Stopped by Jonas Gustavsson without a rebound.
6:30 of 2nd period - Connor McDavid wins face-off versus Drew Shore in Oilers zone.
6:30 of 2nd period - Connor McDavid is hit by Fabian Brunnstrom.
6:54 of 2nd period - Jimmy Vesey is hit by Teuvo Teravainen.
6:58 of 2nd period - Tobias Enstrom is hit by Yann Sauvé and loses puck.
7:25 of 2nd period - Ryan Murray is hit by Jordan Caron and loses puck.
7:39 of 2nd period - Off-side.
7:40 of 2nd period - Ryan O'Reilly wins face-off versus Leon Draisaitl in neutral zone.
8:00 of 2nd period - Chris Kreider is hit by Ryan O'Reilly and loses puck.
8:12 of 2nd period - Backhand shot by Ryan O'Reilly.
8:12 of 2nd period - Stopped by Jonas Gustavsson without a rebound.
8:13 of 2nd period - Riley Sheahan wins face-off versus Nicklas Backstrom in Oilers zone.
8:18 of 2nd period - Slapshot by Riley Sheahan.
8:18 of 2nd period - Stopped by Carey Price with a rebound.
8:24 of 2nd period - Slapshot by Shayne Gostisbehere.
8:24 of 2nd period - Shot Misses the Net.
8:26 of 2nd period - Snap shot by Nicklas Backstrom.
8:26 of 2nd period - Goal by Nicklas Backstrom - Blues : 3 - Oilers : 2.
8:27 of 2nd period - Riley Sheahan wins face-off versus Nicklas Backstrom in neutral zone.
8:33 of 2nd period - Minor Penalty to David Perron for Hooking.
8:34 of 2nd period - Connor McDavid wins face-off versus Drew Shore in Blues zone.
8:38 of 2nd period - Snap shot by Connor McDavid.
8:38 of 2nd period - Shot Misses the Net.
8:40 of 2nd period - Wrist shot by Teuvo Teravainen.
8:40 of 2nd period - Deflect By Chris Kreider.
8:40 of 2nd period - Shot Blocked by Cody Ceci.
8:40 of 2nd period - Puck is out of play.
8:41 of 2nd period - Connor McDavid wins face-off versus Drew Shore in Blues zone.
8:52 of 2nd period - Wrist shot by Teuvo Teravainen.
8:52 of 2nd period - Deflect By Chris Kreider.
8:52 of 2nd period - Goal by Chris Kreider - Blues : 3 - Oilers : 3.
8:53 of 2nd period - Nicklas Backstrom wins face-off versus Riley Sheahan in neutral zone.
9:02 of 2nd period - Nicklas Backstrom is hit by Denis Grebeshkov and loses puck.
10:02 of 2nd period - Kevin Porter is hit by Jake Gardiner and loses puck.
11:27 of 2nd period - Slapshot by Seth Jones.
11:27 of 2nd period - Stopped by Carey Price without a rebound.
11:28 of 2nd period - Vincent Lecavalier wins face-off versus Leon Draisaitl in Blues zone.
12:22 of 2nd period - Slapshot by James Neal.
12:22 of 2nd period - Stopped by Carey Price without a rebound.
12:23 of 2nd period - Ryan O'Reilly wins face-off versus Riley Sheahan in Blues zone.
12:28 of 2nd period - Snap shot by Taylor Hall.
12:28 of 2nd period - Shot Misses the Net.
12:30 of 2nd period - Snap shot by Taylor Hall.
12:30 of 2nd period - Stopped by Carey Price without a rebound.
12:31 of 2nd period - Riley Sheahan wins face-off versus Ryan O'Reilly in Blues zone.
12:36 of 2nd period - Wrist shot by Taylor Hall.
12:36 of 2nd period - Deflect By Teuvo Teravainen.
12:36 of 2nd period - Goal by Teuvo Teravainen - Blues : 3 - Oilers : 4.
12:37 of 2nd period - Riley Sheahan wins face-off versus Nicklas Backstrom in neutral zone.
12:40 of 2nd period - Wrist shot by Riley Sheahan.
12:40 of 2nd period - Shot Misses the Net.
12:42 of 2nd period - Snap shot by Riley Sheahan.
12:42 of 2nd period - Shot Misses the Net.
13:09 of 2nd period - Wrist shot by Phil Kessel.
13:09 of 2nd period - Stopped by Carey Price with a rebound.
13:43 of 2nd period - Off-side.
13:44 of 2nd period - Drew Shore wins face-off versus Kevin Porter in neutral zone.
13:51 of 2nd period - Snap shot by Drew Shore.
13:51 of 2nd period - Stopped by Jonas Gustavsson without a rebound.
13:52 of 2nd period - Nicklas Backstrom wins face-off versus Riley Sheahan in Oilers zone.
14:01 of 2nd period - Slapshot by Nicklas Backstrom.
14:01 of 2nd period - Deflect By Jordan Eberle.
14:01 of 2nd period - Stopped by Jonas Gustavsson with a rebound.
14:03 of 2nd period - Backhand shot by Yann Sauvé.
14:03 of 2nd period - Shot Misses the Net.
14:24 of 2nd period - Icing by Denis Grebeshkov.
14:25 of 2nd period - Leon Draisaitl wins face-off versus Sergei Shirokov in Oilers zone.
14:34 of 2nd period - Wrist shot by Phil Kessel.
14:34 of 2nd period - Shot Misses the Net.
14:36 of 2nd period - Slapshot by Denis Grebeshkov.
14:36 of 2nd period - Shot Misses the Net.
14:58 of 2nd period - Snap shot by Phil Kessel.
14:58 of 2nd period - Stopped by Carey Price with a rebound.
15:00 of 2nd period - Snap shot by Denis Grebeshkov.
15:00 of 2nd period - Stopped by Carey Price without a rebound.
15:01 of 2nd period - Nicklas Backstrom wins face-off versus Riley Sheahan in Blues zone.
15:28 of 2nd period - Cody Ceci is hit by Pavel Buchnevich and loses puck.
15:59 of 2nd period - Snap shot by Vincent Lecavalier.
15:59 of 2nd period - Shot Blocked by Kellan Lain.
17:00 of 2nd period - Wrist shot by Alex Pietrangelo.
17:00 of 2nd period - Shot Blocked by Darnell Nurse.
17:02 of 2nd period - Snap shot by Jordan Eberle.
17:02 of 2nd period - Stopped by Jonas Gustavsson without a rebound.
17:03 of 2nd period - Riley Sheahan wins face-off versus Ryan O'Reilly in Oilers zone.
17:12 of 2nd period - Snap shot by Darnell Nurse.
17:12 of 2nd period - Stopped by Carey Price without a rebound.
17:13 of 2nd period - Filip Forsberg wins face-off versus Riley Sheahan in Blues zone.
17:22 of 2nd period - Wrist shot by Filip Forsberg.
17:22 of 2nd period - Shot Misses the Net.
17:24 of 2nd period - Snap shot by Sergei Shirokov.
17:24 of 2nd period - Stopped by Jonas Gustavsson with a rebound.
17:38 of 2nd period - Slapshot by Ryan O'Reilly.
17:38 of 2nd period - Stopped by Jonas Gustavsson with a rebound.
17:40 of 2nd period - Slapshot by Ryan Murray.
17:40 of 2nd period - Shot Blocked by Riley Sheahan.
17:42 of 2nd period - Slapshot by Ryan Murray.
17:42 of 2nd period - Shot Blocked by Taylor Hall.
17:44 of 2nd period - Snap shot by Alex Pietrangelo.
17:44 of 2nd period - Stopped by Jonas Gustavsson with a rebound.
18:00 of 2nd period - Backhand shot by Ryan O'Reilly.
18:00 of 2nd period - Shot Misses the Net.
18:10 of 2nd period - Snap shot by Filip Forsberg.
18:10 of 2nd period - Shot Blocked by Shea Weber.
18:12 of 2nd period - Wrist shot by Filip Forsberg.
18:12 of 2nd period - Stopped by Jonas Gustavsson with a rebound.
18:14 of 2nd period - Slapshot by Cody Ceci.
18:14 of 2nd period - Shot Misses the Net.
18:16 of 2nd period - Slapshot by Cody Ceci.
18:16 of 2nd period - Shot Blocked by Shea Weber.
18:18 of 2nd period - Snap shot by Ryan O'Reilly.
18:18 of 2nd period - Stopped by Jonas Gustavsson without a rebound.
18:19 of 2nd period - Leon Draisaitl wins face-off versus Nicklas Backstrom in Oilers zone.
19:50 of 2nd period - Minor Penalty to Nicklas Backstrom for Roughing.
19:51 of 2nd period - Drew Shore wins face-off versus Connor McDavid in Blues zone.
Goals for this period are 1 for Blues vs 2 for Oilers.
Shots for this period are 12 for Blues vs 11 for Oilers.
3rd period
0:01 of 3rd period - Drew Shore wins face-off versus Connor McDavid in neutral zone.
1:28 of 3rd period - Ryan O'Reilly is hit by Chris Kreider and loses puck.
1:50 of 3rd period - Penalty to Nicklas Backstrom is over, Nicklas Backstrom is back on ice.
1:57 of 3rd period - Ryan Murray is hit by Kellan Lain and loses puck.
2:08 of 3rd period - Wrist shot by Kevin Porter.
2:08 of 3rd period - Shot Blocked by Ryan Murray.
3:00 of 3rd period - Taylor Hall is hit by Yann Sauvé and loses puck.
3:13 of 3rd period - Connor McDavid is hit by Fabian Brunnstrom and loses puck.
3:37 of 3rd period - Shea Weber is hit by Jimmy Vesey and loses puck.
3:56 of 3rd period - Wrist shot by Connor McDavid.
3:56 of 3rd period - Stopped by Carey Price without a rebound.
3:57 of 3rd period - Ryan O'Reilly wins face-off versus Connor McDavid in Blues zone.
4:18 of 3rd period - Seth Jones is hit by Nicklas Backstrom and loses puck.
4:42 of 3rd period - Slapshot by Fabian Brunnstrom.
4:42 of 3rd period - Stopped by Jonas Gustavsson with a rebound.
5:03 of 3rd period - Yann Sauvé is hit by Teuvo Teravainen and loses puck.
5:22 of 3rd period - Gustav Nyquist is hit by James Neal and loses puck.
5:45 of 3rd period - Cody Ceci is hit by Denis Grebeshkov and loses puck.
5:54 of 3rd period - Shayne Gostisbehere is hit by Leon Draisaitl and loses puck.
6:16 of 3rd period - Anthony Mantha is hit by Riley Sheahan and loses puck.
6:29 of 3rd period - Seth Jones is hit by Ryan O'Reilly and loses puck.
7:02 of 3rd period - Snap shot by Connor McDavid.
7:02 of 3rd period - Goal by Connor McDavid - Blues : 3 - Oilers : 5.
7:02 of 3rd period - Pascal Leclaire enters game.
7:03 of 3rd period - Nicklas Backstrom wins face-off versus Riley Sheahan in neutral zone.
7:06 of 3rd period - Taylor Hall is hit by Jordan Eberle and loses puck.
7:40 of 3rd period - Slapshot by Alex Pietrangelo.
7:40 of 3rd period - Shot Misses the Net.
7:42 of 3rd period - Slapshot by Ryan Murray.
7:42 of 3rd period - Deflect By David Perron.
7:42 of 3rd period - Shot Misses the Net.
7:42 of 3rd period - Puck is out of play.
7:43 of 3rd period - Ryan O'Reilly wins face-off versus Riley Sheahan in Oilers zone.
7:44 of 3rd period - Wrist shot by Filip Forsberg.
7:44 of 3rd period - Stopped by Jonas Gustavsson with a rebound.
8:10 of 3rd period - Yann Sauvé is hit by Oscar Klefbom and loses puck.
8:37 of 3rd period - Oscar Klefbom is hit by Cody Ceci and loses puck.
8:54 of 3rd period - Kevin Porter is hit by Jordan Eberle and loses puck.
9:27 of 3rd period - Wrist shot by Taylor Hall.
9:27 of 3rd period - Stopped by Pascal Leclaire with a rebound.
9:29 of 3rd period - Backhand shot by Riley Sheahan.
9:29 of 3rd period - Shot Misses the Net.
9:31 of 3rd period - Snap shot by Riley Sheahan.
9:31 of 3rd period - Stopped by Pascal Leclaire with a rebound.
9:33 of 3rd period - Snap shot by Riley Sheahan.
9:33 of 3rd period - Stopped by Pascal Leclaire without a rebound.
9:33 of 3rd period - Minor Penalty to Pascal Leclaire for Slashing.
9:34 of 3rd period - Connor McDavid wins face-off versus Drew Shore in Blues zone.
9:41 of 3rd period - Backhand shot by Connor McDavid.
9:41 of 3rd period - Goal by Connor McDavid - Blues : 3 - Oilers : 6.
9:42 of 3rd period - Riley Sheahan wins face-off versus Nicklas Backstrom in neutral zone.
9:49 of 3rd period - Snap shot by Teuvo Teravainen.
9:49 of 3rd period - Stopped by Pascal Leclaire with a rebound.
9:51 of 3rd period - Wrist shot by Riley Sheahan.
9:51 of 3rd period - Stopped by Pascal Leclaire with a rebound.
9:53 of 3rd period - Snap shot by Seth Jones.
9:53 of 3rd period - Stopped by Pascal Leclaire with a rebound.
10:09 of 3rd period - Phil Kessel is hit by Sergei Shirokov and loses puck.
10:26 of 3rd period - Minor Penalty to Sergei Shirokov for Interference.
10:27 of 3rd period - Drew Shore wins face-off versus Connor McDavid in Blues zone.
11:01 of 3rd period - Drew Shore is hit by Tobias Enstrom and loses puck.
11:16 of 3rd period - Wrist shot by Ryan O'Reilly.
11:16 of 3rd period - Deflect By David Perron.
11:16 of 3rd period - Goal by David Perron - Blues : 4 - Oilers : 6.
11:17 of 3rd period - Drew Shore wins face-off versus Connor McDavid in neutral zone.
11:48 of 3rd period - Snap shot by Seth Jones.
11:48 of 3rd period - Shot Misses the Net.
12:14 of 3rd period - Ryan Murray is hit by Taylor Hall and loses puck.
12:26 of 3rd period - Penalty to Sergei Shirokov is over, Sergei Shirokov is back on ice.
13:01 of 3rd period - Slapshot by Ryan Murray.
13:01 of 3rd period - Deflect By Jimmy Vesey.
13:01 of 3rd period - Shot Misses the Net.
13:01 of 3rd period - Puck is out of play.
13:02 of 3rd period - Vincent Lecavalier wins face-off versus Leon Draisaitl in Oilers zone.
13:03 of 3rd period - Slapshot by Jimmy Vesey.
13:03 of 3rd period - Stopped by Jonas Gustavsson with a rebound.
13:05 of 3rd period - Slapshot by Gustav Nyquist.
13:05 of 3rd period - Shot Misses the Net.
13:07 of 3rd period - Slapshot by Vincent Lecavalier.
13:07 of 3rd period - Deflect By Gustav Nyquist.
13:07 of 3rd period - Shot Blocked by Shea Weber.
13:07 of 3rd period - Puck is out of play.
13:08 of 3rd period - Nicklas Backstrom wins face-off versus Leon Draisaitl in Oilers zone.
13:11 of 3rd period - Slapshot by Jordan Eberle.
13:11 of 3rd period - Goal by Jordan Eberle - Blues : 5 - Oilers : 6.
13:12 of 3rd period - Nicklas Backstrom wins face-off versus Riley Sheahan in neutral zone.
13:29 of 3rd period - Snap shot by David Perron.
13:29 of 3rd period - Stopped by Jonas Gustavsson with a rebound.
14:02 of 3rd period - James Neal is hit by Anthony Mantha and loses puck.
14:19 of 3rd period - Minor Penalty to Yann Sauvé for Slashing.
14:20 of 3rd period - Drew Shore wins face-off versus Teuvo Teravainen in Blues zone.
16:19 of 3rd period - Penalty to Yann Sauvé is over, Yann Sauvé is back on ice.
17:52 of 3rd period - Kellan Lain is hit by Alex Pietrangelo and loses puck.
18:05 of 3rd period - James Neal is hit by Drew Shore and loses puck.
18:50 of 3rd period - Blues, Pascal Leclaire is pulled from the net.
18:50 of 3rd period - Snap shot by David Perron.
18:50 of 3rd period - Deflect By Oscar Klefbom.
18:50 of 3rd period - Shot Misses the Net.
18:50 of 3rd period - Puck is out of play.
18:51 of 3rd period - Paul Kariya call a timeout for Blues.
18:51 of 3rd period - David Perron wins face-off versus Riley Sheahan in Oilers zone.
19:06 of 3rd period - Slapshot by David Perron.
19:06 of 3rd period - Deflect By Riley Sheahan.
19:06 of 3rd period - Stopped by Jonas Gustavsson without a rebound.
19:07 of 3rd period - Riley Sheahan wins face-off versus Nicklas Backstrom in Oilers zone.
19:07 of 3rd period - Riley Sheahan is hit by Jordan Eberle.
19:17 of 3rd period - Wrist shot by Nicklas Backstrom.
19:17 of 3rd period - Goal by Nicklas Backstrom - Blues : 6 - Oilers : 6.
19:17 of 3rd period - Pascal Leclaire from Blues was sent back in the game.
19:18 of 3rd period - Drew Shore wins face-off versus Connor McDavid in neutral zone.
19:29 of 3rd period - Wrist shot by Alex Pietrangelo.
19:29 of 3rd period - Shot Blocked by James Neal.
19:31 of 3rd period - Slapshot by Anthony Mantha.
19:31 of 3rd period - Stopped by Jonas Gustavsson without a rebound.
19:32 of 3rd period - Connor McDavid wins face-off versus Drew Shore in Oilers zone.
Goals for this period are 3 for Blues vs 2 for Oilers.
Shots for this period are 9 for Blues vs 9 for Oilers.
Overtime #1
0:01 of 1st overtime period - Riley Sheahan wins face-off versus Nicklas Backstrom in neutral zone.
0:04 of 1st overtime period - Slapshot by Denis Grebeshkov.
0:04 of 1st overtime period - Shot Blocked by Alex Pietrangelo.
1:56 of 1st overtime period - Icing by Cody Ceci.
1:57 of 1st overtime period - Vincent Lecavalier wins face-off versus Teuvo Teravainen in Blues zone.
2:31 of 1st overtime period - Jake Gardiner is hit by Taylor Hall and loses puck.
2:59 of 1st overtime period - Snap shot by Vincent Lecavalier.
2:59 of 1st overtime period - Shot Blocked by Shea Weber.
3:19 of 1st overtime period - Wrist shot by Taylor Hall.
3:19 of 1st overtime period - Shot Misses the Net.
3:58 of 1st overtime period - Icing by Ryan O'Reilly.
3:59 of 1st overtime period - Riley Sheahan wins face-off versus Sergei Shirokov in Blues zone.
4:20 of 1st overtime period - Denis Grebeshkov is hit by Cody Ceci and loses puck.
4:55 of 1st overtime period - Yann Sauvé is hit by Kellan Lain.
Goals for this period are 0 for Blues vs 0 for Oilers.
Shots for this period are 0 for Blues vs 0 for Oilers.
ShootOut
5:00 of 1st overtime period - Round #1.
5:00 of 1st overtime period - Blues, David Perron.
5:00 of 1st overtime period - Snap shot by David Perron.
5:00 of 1st overtime period - Shot Misses the Net.
5:00 of 1st overtime period - Oilers, Phil Kessel.
5:00 of 1st overtime period - Snap shot by Phil Kessel.
5:00 of 1st overtime period - Goal by Phil Kessel.
5:00 of 1st overtime period - Round #2.
5:00 of 1st overtime period - Blues, Jordan Eberle.
5:00 of 1st overtime period - Deke by Jordan Eberle.
5:00 of 1st overtime period - Stopped by Jonas Gustavsson.
5:00 of 1st overtime period - Oilers, Taylor Hall.
5:00 of 1st overtime period - Snap shot by Taylor Hall.
5:00 of 1st overtime period - Stopped by Pascal Leclaire.
5:00 of 1st overtime period - Round #3.
5:00 of 1st overtime period - Blues, Filip Forsberg.
5:00 of 1st overtime period - Wrist shot by Filip Forsberg.
5:00 of 1st overtime period - Goal by Filip Forsberg.
5:00 of 1st overtime period - Oilers, Chris Kreider.
5:00 of 1st overtime period - Backhand shot by Chris Kreider.
5:00 of 1st overtime period - Stopped by Pascal Leclaire.
5:00 of 1st overtime period - Round #4.
5:00 of 1st overtime period - Blues, Vincent Lecavalier.
5:00 of 1st overtime period - Wrist shot by Vincent Lecavalier.
5:00 of 1st overtime period - Shot Misses the Net.
5:00 of 1st overtime period - Oilers, Riley Sheahan.
5:00 of 1st overtime period - Wrist shot by Riley Sheahan.
5:00 of 1st overtime period - Goal by Riley Sheahan.